 Dungeon Crawl Stone Soup version 0.19.3 (webtiles) character file.

130 markt42 the Conjurer (level 4, -7/27 HPs)
             Began as a High Elf Conjurer on Jan 23, 2017.
             Mangled by Grinder (10 damage)
             ... on level 2 of the Dungeon.
             The game lasted 00:02:50 (2509 turns).

markt42 the Conjurer (High Elf Conjurer)            Turns: 2509, Time: 00:02:51

Health: -7/27      AC:  2    Str:  7    XL:     4   Next: 89%
Magic:  1/10       EV: 13    Int: 20    God:
Gold:   145        SH:  0    Dex: 15    Spells: 2 memorised, 5 levels left

rFire  . . .     SeeInvis .     (no weapon)
rCold  . . .     Gourm    .     a - +0 robe
rNeg   . . .     Faith    .     (no shield)
rPois  .         Spirit   .     (no helmet)
rElec  .         Reflect  .     (no cloak)
rCorr  .         Harm     .     (no gloves)
MR     .....                    (no boots)
Stlth  ++........               (no amulet)
                                (no ring)
                                (no ring)

@: no status effects
A: no striking features
a: no special abilities


You were on level 2 of the Dungeon.
You were hungry.

You visited 1 branch of the dungeon, and saw 3 of its levels.

You collected 145 gold pieces.

Inventory:

Armour
 a - a +0 robe (worn)
Wands
 j - a wand of flame (16/48)
Scrolls
 e - 3 scrolls of remove curse {unknown}
 h - 3 scrolls of magic mapping {unknown}
 i - 4 scrolls of identify {unknown}
 m - a scroll of noise {unknown}
 n - a scroll of enchant weapon {unknown}
Potions
 l - a potion of lignification {unknown}
Books
 b - a book of Conjurations

   Spells                             Type                      Level
   a - Magic Dart                     Conjuration                  1
   b - Searing Ray                    Conjuration                  2
   c - Dazzling Spray                 Conjuration/Hexes            3
   d - Fulminant Prism                Conjuration/Hexes            4
   e - Iskenderun's Mystic Blast      Conjuration                  4
   f - Iskenderun's Battlesphere      Conjuration/Charms           5
 k - a book of Cantrips

   Spells                             Type                      Level
   a - Confusing Touch                Hexes                        1
   b - Animate Skeleton               Necromancy                   1
   c - Summon Small Mammal            Summoning                    1
   d - Apportation                    Translocation                1
Comestibles
 c - 3 bread rations
 d - 5 fruits
 g - 2 meat rations
 o - a slice of pizza


   Skills:
 + Level 2.2 Dodging
 + Level 2.3 Stealth
 * Level 3.8 Spellcasting
 * Level 6.0 Conjurations


You had 5 spell levels left.
You knew the following spells:

 Your Spells              Type           Power        Failure   Level  Hunger
a - Magic Dart            Conj           ####         1%          1    None
b - Iskenderun's Mystic   Conj           ####....     12%         4    ####...


Dungeon Overview and Level Annotations

Branches:
Dungeon (3/15)

Altars:

Annotations:
D:2 Grinder


Message History

Confirm with . or Enter, or press ? or * to list all spells.
You don't have enough magic to cast that spell.
Unknown command.
Casting: Iskenderun's Mystic Blast
Confirm with . or Enter, or press ? or * to list all spells.
Aiming: Magic Dart
Press: ? - help, Shift-Dir - straight line, f/p - Grinder
Aim: Grinder (heavily wounded)
The magic dart hits Grinder.
Grinder is severely wounded.
Grinder blinks!
An orc comes into view. It is wielding a dagger.
The orc shouts!
The kobold shouts!
Grinder hits you!
* * * LOW HITPOINT WARNING * * *
You writhe in agony.
* * * LOW HITPOINT WARNING * * *
A mysterious force pulls you upwards. The hatch slams shut behind you.
It was a potion of cure mutation.
It has a very clean taste.
Grinder hits you!
You die...

##....)..##.......# #.#.....##.
#.......##.......# #.......##.
##########.......######......##.
######........#.......##+####
#.............#.......##.# #
#........######........#.# #
#........##............#.# #
#####........##..5...........# #
.............##.@.........#..####
..........[..##..................
.............##............#.....
.....####...###............#>....
.....# #...#.......).........##.
#########...#...#########...).'..
#.......#...# #.....##.
#.......#...# ####.....##.
#.....###...# #........##.


You could see Grinder.

Vanquished Creatures
  5 adders
  2 oozes (D:1)
  A worm (D:2)
  2 dart slugs
  3 leopard geckos
  2 orcs (D:3)
  12 bats
  4 giant cockroaches
  6 goblins
  8 hobgoblins
  6 kobolds
  A quokka (D:3)
  A ball python (D:2)
  4 frilled lizards
  8 rats
65 creatures vanquished.

Notes
Turn   | Place    | Note
-------+----------+-------------------------------------------
     0 | D:1      | markt42 the High Elf Conjurer began the quest for the Orb.
     0 | D:1      | Reached XP level 1. HP: 11/11 MP: 4/4
   168 | D:1      | Reached XP level 2. HP: 17/17 MP: 3/6
   198 | D:1      | Reached skill level 5 in Conjurations
   569 | D:1      | Reached XP level 3. HP: 21/21 MP: 4/8
  1614 | D:2      | Reached XP level 4. HP: 27/27 MP: 7/9
  1620 | D:2      | Learned a level 4 spell: Iskenderun's Mystic Blast
  2352 | D:3      | Reached skill level 6 in Conjurations
  2470 | D:3      | Noticed Grinder
  2509 | D:2      | Mangled by Grinder

Skill      XL: |  1  2  3  4 |
---------------+-------------+-----
Conjurations   | 5 6 |  6.0
Spellcasting   | 3 |  3.8
Dodging        | |  2.2
Stealth        | |  2.3

Action                   |  1- 3 |  4- 6 || total
-------------------------+-------+-------++-------
 Cast: Magic Dart        |    79 |    48 ||   127
       Iskenderun's Myst |       |     1 ||     1
  Use: Potion            |       |     1 ||     1
  Eat: Chunk             |     2 |     2 ||     4
Armor: Robe              |     1 |     1 ||     2
Dodge: Dodged            |     6 |     3 ||     9
